 Dungeon Crawl Stone Soup version 0.17-a0-1738-g82cdc46 (webtiles) character file.

31 kae the Caller (level 3, 0/19 HPs)
             Began as a Tengu Summoner on Aug 30, 2015.
             Slain by a quokka (3 damage)
             ... on level 2 of the Dungeon.
             The game lasted 00:02:18 (1340 turns).

kae the Caller (Tengu Summoner)                     Turns: 1340, Time: 00:02:19

Health: 0/19       AC:  3    Str:  8    XL:     3   Next: 22%
Magic:  6/7        EV: 12    Int: 16    God:
Gold:   37         SH:  0    Dex: 14    Spells: 2 memorised, 3 levels left

rFire  + . .     SeeInvis .     e - +0 short sword
rCold  + . .     Clarity  .     h - +1 robe {rC+ rF+}
rNeg   . . .     SustAt   .     (no shield)
rPois  .         Gourm    .     (helmet restricted)
rElec  .         Spirit   .     (no cloak)
rCorr  .         Warding  .     (no gloves)
rMut   .         Stasis   .     (boots unavailable)
MR     .....                    (no amulet)
Stlth  ++........               (no ring)
                                (no ring)

@: not resistant to hostile enchantments, unstealthy
A: beak, talons 3
a: no special abilities


You were on level 2 of the Dungeon.
You were hungry.

You visited 1 branch of the dungeon, and saw 2 of its levels.

You collected 37 gold pieces.

Inventory:

Hand weapons
 e - a +0 short sword (weapon)
Armour
 a - a +0 robe
 h - a +1 robe of resistance (worn)
Jewellery
 k - an uncursed amulet of faith {unknown}
Scrolls
 g - a scroll of immolation {unknown}
 l - a scroll of random uselessness {unknown}
Potions
 d - a potion of heal wounds
 j - a potion of curing {unknown}
 m - 2 potions of resistance {unknown}
 n - a potion of magic {unknown}
Books
 b - a book of Callings

   Spells                             Type                      Level
   a - Summon Small Mammal            Summoning                    1
   b - Call Imp                       Summoning                    2
   c - Call Canine Familiar           Summoning                    3
   d - Summon Guardian Golem          Hexes/Summoning              3
   e - Summon Lightning Spire         Summoning/Air                4
   f - Summon Ice Beast               Ice/Summoning                4
Comestibles
 c - 3 bread rations
 f - a slice of pizza
 i - a meat ration


   Skills:
 - Level 2.1 Dodging
 - Level 2.0 Stealth
 - Level 2.0 Spellcasting
 + Level 6.0 Summonings


You had 3 spell levels left.
You knew the following spells:

 Your Spells              Type           Power        Failure   Level  Hunger
a - Summon Small Mammal   Summ           ###.         1%          1    #......
b - Call Imp              Summ           ###.....     2%          2    ###....


Dungeon Overview and Level Annotations

Branches:
Dungeon (2/15)

Altars:


Innate Abilities, Weirdness & Mutations

You have a beak for a mouth.
You have claws for feet.


Message History

You closely miss the quokka.
The quokka is severely wounded.
The quokka bites you but does no damage.
You closely miss the quokka. Your kick misses the quokka.
The quokka is severely wounded.
The quokka bites you.
The quokka bites you but does no damage.
You closely miss the quokka. You claw the quokka, but do no damage.
The quokka is severely wounded.
The quokka bites you.
* * * LOW HITPOINT WARNING * * *
You are too injured to fight recklessly!
You are too injured to fight recklessly!
You are too injured to fight recklessly!
You are too injured to fight recklessly!
You are too injured to fight recklessly!
Casting: Summon Small Mammal
Confirm with . or Enter, or press ? or * to list all spells.
The quokka bites you.
You die...

......# .###### .#####
.....## ......# # .###..#
###.#####
..##..####......r#
.............# #r#
..)#..####.#####@####
.....<# # ##.......#
......# #.##.##........
#...### #.#..##.^..####
#...# #.......#### #...#
###.##### #...# ####.###
####### #..(#####......#
#.....#
...........#.#.#####.....#


You could see a quokka and a friendly quokka.

Vanquished Creatures
  A giant gecko (D:1)
  2 giant cockroaches
  A hobgoblin (D:1)
  3 bats (D:1)
  A giant newt (D:2)
  3 goblins
  3 rats
14 creatures vanquished.

Vanquished Creatures (collateral kills)
  2 adders (D:2)
  A bat (D:1)
  A giant cockroach (D:1)
  2 hobgoblins (D:2)
  2 giant newts (D:1)
  A goblin (D:1)
  A kobold (D:2)
10 creatures vanquished.

Grand Total: 24 creatures vanquished

Notes
Turn   | Place    | Note
--------------------------------------------------------------
     0 | D:1      | kae the Tengu Summoner began the quest for the Orb.
     0 | D:1      | Reached XP level 1. HP: 10/10 MP: 4/4
    77 | D:1      | Reached skill level 5 in Summonings
   400 | D:1      | Reached XP level 2. HP: 15/15 MP: 4/6
   869 | D:2      | Learned a level 2 spell: Call Imp
  1089 | D:2      | Reached skill level 6 in Summonings
  1089 | D:2      | Reached XP level 3. HP: 7/19 MP: 2/7
  1340 | D:2      | Slain by a quokka

Vault maps used:
D:1:      saegor_arrival_simple_b, hangedman_abyss_or_decor_stabs
D:2:      makhleb_altar_promises_db, first_bread

Action                   || total
-------------------------++-------
Melee: Unarmed           ||    42
       Short sword       ||    12
 Cast: Summon Small Mamm ||    20
       Call Imp          ||     2
  Use: Scroll            ||     5
 Stab: Distracted        ||     1
  Eat: Chunk             ||     1
